 Dungeon Crawl Stone Soup version 0.18-a0-1551-g40744a8 (webtiles) character file.

77 orochimarko the Stinger (level 4, 30/30 HPs)
             Began as a Demonspawn Venom Mage on Mar 11, 2016.
             Quit the game on level 1 of the Dungeon on Mar 22, 2016.
             The game lasted 00:22:56 (1699 turns).

orochimarko the Stinger (Demonspawn Venom Mage)     Turns: 1699, Time: 00:22:56

Health: 30/30      AC:  4    Str:  9    XL:     4   Next: 13%
Magic:  1/8        EV: 12    Int: 17    God:
Gold:   28         SH:  2    Dex: 13    Spells: 3 memorised, 2 levels left

rFire  . . .     SeeInvis .     d - +1 dagger (flame)
rCold  . . .     Gourm    .     a - +0 robe
rNeg   . . .     Faith    .     (no shield)
rPois  .         Spirit   +     (no helmet)
rElec  .         Dismiss  .     (no cloak)
rCorr  .         Reflect  .     (no gloves)
SustAt .         Harm     .     (no boots)
MR     .....                    (no amulet)
Stlth  ++........               (no ring)
                                (no ring)

@: very slightly contaminated, not resistant to hostile enchantments, unstealthy
A: large bone plates 1, magic shield, rot immunity
a: no special abilities


You were on level 1 of the Dungeon.
You were not hungry.

You visited 1 branch of the dungeon, and saw 1 of its levels.

You collected 28 gold pieces.

Inventory:

Hand Weapons
 d - a +1 dagger of flaming (weapon)
Armour
 a - a +0 robe (worn)
Jewellery
 j - an uncursed amulet of magic regeneration {unknown}
Scrolls
 e - a scroll of remove curse {unknown}
 l - a scroll of immolation {unknown}
 m - a scroll of blinking {unknown}
Potions
 f - a potion of lignification {unknown}
 k - a potion of flight {unknown}
Books
 b - a Young Poisoner's Handbook

   Spells                             Type                      Level
   a - Sting                          Conjuration/Poison           1
   b - Cure Poison                    Poison                       2
   c - Mephitic Cloud                 Conjuration/Poison/Air       3
   d - Olgreb's Toxic Radiance        Poison                       4
   e - Venom Bolt                     Conjuration/Poison           5
Comestibles
 c - 2 bread rations
 g - 2 fruits
 h - 2 meat rations
 i - a beef jerky


   Skills:
 - Level 1.7 Dodging
 - Level 1.7 Stealth
 + Level 2.8 Spellcasting
 + Level 2.0 Conjurations
 + Level 4.6 Poison Magic


You had 2 spell levels left.
You knew the following spells:

 Your Spells              Type           Power        Failure   Level  Hunger
a - Sting                 Conj/Pois      ##..         4%          1    #......
b - Cure Poison           Pois           ###.......   4%          2    ##.....
c - Mephitic Cloud        Conj/Pois/Air  #.......     24%         3    ###....


Dungeon Overview and Level Annotations

Branches:
Dungeon (1/15)

Altars:


Innate Abilities, Weirdness & Mutations

You are partially covered in large bone plates (AC +2, SH +2).
When hurt, damage is shared between your health and your magic reserves.
You are immune to rotting.


Message History

You feel stronger.
Your demonic ancestry asserts itself...
Large bone plates grow over parts of your arms.
You see here a scorpion corpse.
You butcher the scorpion corpse.
You see here 3 inedible chunks of flesh.
Welcome back, orochimarko the Demonspawn Venom Mage.
Press ? for a list of commands and other information.
Welcome back, orochimarko the Demonspawn Venom Mage.
Press ? for a list of commands and other information.
Welcome back, orochimarko the Demonspawn Venom Mage.
Press ? for a list of commands and other information.
Unknown command.
Cast which spell? (? or * to list)
Okay, then.
Unknown command.
Cast which spell? (? or * to list)
Okay, then.
Cast which spell? (? or * to list)
Okay, then.
Are you sure you want to abandon this character and quit the game? (Confirm with "yes".)

###..#####..####.#########.#####
#...........####.### #.#
..........(........# #.#
.##..#####.........# #.# ..#..#
##.####.#.# #.# #.#..# ### #.#.#
#.# #.#..# #.#.# #.# #....#
#.#.#######.#### .#...#
#@.............# .....#
#.#.########.#.# .#..##
#..............# .#..#
########.#.###.####.### .#.>#
#..............####.# .##.#
##..####..#.###.#....# .##.#
##≈...≈##..#.# #.#.####
....###≈♣≈.≈♣≈#..#.# #...#
.##.##≈♣⌠♣≈♣⌠♣≈..#.# #.###


There were no monsters in sight!

Vanquished Creatures
  A scorpion (D:1)
  A dart slug (D:1)
  4 bats (D:1)
  A giant cockroach (D:1)
  3 goblins (D:1)
  5 hobgoblins (D:1)
  2 jackals (D:1)
  2 giant newts (D:1)
  2 kobolds (D:1)
  5 rats (D:1)
26 creatures vanquished.

Vanquished Creatures (others)
  4 toadstools (D:1)
4 creatures vanquished.

Grand Total: 30 creatures vanquished

Notes
Turn   | Place    | Note
--------------------------------------------------------------
     0 | D:1      | orochimarko the Demonspawn Venom Mage began the quest for the Orb.
     0 | D:1      | Reached XP level 1. HP: 13/13 MP: 3/3
   466 | D:1      | Gained mutation: When hurt, damage is shared between your health and your magic reserves. [demonic ancestry]
   466 | D:1      | Reached XP level 2. HP: 13/19 MP: 0/5
   471 | D:1      | Learned a level 2 spell: Cure Poison
   977 | D:1      | Reached skill level 1 in Conjurations
  1429 | D:1      | Gained mutation: You are immune to rotting. [demonic ancestry]
  1429 | D:1      | Reached XP level 3. HP: 24/24 MP: 0/6
  1437 | D:1      | Learned a level 3 spell: Mephitic Cloud
  1686 | D:1      | Noticed a scorpion
  1694 | D:1      | Killed a scorpion
  1694 | D:1      | Gained mutation: You are partially covered in large bone plates (AC +2, SH +2). [demonic ancestry]
  1694 | D:1      | Reached XP level 4. HP: 30/30 MP: 0/8
  1699 | D:1      | Quit the game

Vault maps used:
D:1:      ldierk_water_garden

Skill      XL: |  1  2  3 |
---------------+----------+-----
Conjurations   | 1 2 |  2.0
Dodging        | |  1.7
Stealth        | |  1.7
Spellcasting   | |  2.8
Poison Magic   | |  4.6

Action                   |  1- 3 |  4- 6 || total
-------------------------+-------+-------++-------
Melee: Dagger            |    13 |       ||    13
 Cast: Sting             |    56 |       ||    56
  Eat: Chunk             |     3 |       ||     3
